Electro, lawful female dwarven Valkyrie ------ |....| ---------- |....| ------ |.........####------- |....| |....| |........| #+......#######|..*..#### |....| #.........| |.....| #|....| # |.....########|........| .......# #-.---- ## |....| #|........| -------# ############# .....| ---------- ###)###%#%############### ----.- # ### #### ---+---+ #### # # ###...%%hh.h # # ### ##|%%.@CTToG ## #----+----.--- -.%[).G.o ----- ######## #|...>.......| +----- |.... # #|...........| |...| # #............| |.<..####` ------------- ----- Electro the Woman-at-arms Experience level: 10 Strength: 18 Dexterity: 15 Constitution: 20 Intelligence: 8 Wisdom: 8 Charisma: 6 Health: 0(115) Energy: 2(2) Def: 9 Gold: 4501 Moves: 10537 Dungeon seed: p5yO7Th0zvMXbZTN Game ID: Electro_1621724241 Your Inventory: Coins $ - 4501 gold pieces Amulets W - an uncursed amulet versus poison (being worn) Weapons a - the blessed rustproof +6 Excalibur (weapon in hand) G - a +0 elven bow Armor e - an uncursed burnt +0 elven leather helm (being worn) n - an uncursed +3 small shield (being worn) y - an uncursed +0 splint mail (being worn) N - a cursed burnt -1 pair of fumble boots (being worn) S - an uncursed +0 pair of elven boots Comestibles g - 2 uncursed cram rations k - 4 cursed food rations q - an uncursed carrot u - an uncursed sprig of wolfsbane L - 4 uncursed food rations M - 2 uncursed bananas O - 3 uncursed tripe rations Q - an uncursed tin of soldier ant meat Scrolls A - an uncursed scroll of create monster Potions b - an uncursed potion of healing c - a blessed potion of monster detection j - an uncursed potion of water B - an uncursed potion of speed R - a cursed potion of fruit juice Rings h - a cursed +0 ring of protection i - an uncursed ring of aggravate monster o - an uncursed ring of levitation P - a blessed +2 ring of increase accuracy (on left hand) U - a cursed ring of conflict Y - an uncursed ring of polymorph Z - an uncursed ring of invisibility Wands d - a wand of teleportation (0:2) f - a wand of lightning (0:4) s - a wand of make invisible (0:4) T - a wand of digging (0:5) Tools r - an uncursed oilskin sack x - an uncursed skeleton key E - a +0 unicorn horn J - an uncursed credit card V - 3 uncursed tallow candles (0:200) X - an uncursed blindfold Gems l - an uncursed worthless piece of white glass z - an uncursed worthless piece of orange glass (in quiver) Contents of the oilskin sack: 2 uncursed worthless pieces of blue glass Spells and supernatural/magical abilities: Name Level Category Fail Memory k - knock 1 matter 100% 65% z - sleep 1 enchantment 100% 25% W - pray for help -- divine ? -- Your skills at the end: Fighting Skills Weapon Skills dagger [Basic] long sword [Skilled] Spellcasting Skills Final Attributes: You were piously aligned. You were fire resistant. You were cold resistant. You were shock resistant. You were poison resistant. You were level-drain resistant. You fumbled. You saw invisible. You were telepathic. You had automatic searching. You had infravision. You were invisible to others. You were stealthy. You could teleport. You had a +2 bonus to hit. You were fast. You are dead. Vanquished creatures: a clay golem 3 black puddings a ghost 2 zruties 2 fire giants 2 large mimics a stalker a water elemental a giant zombie 3 wargs 3 small mimics an ettin mummy an ogre lord a large dog a freezing sphere a large cat a tiger a gargoyle 2 leocrottas 3 Grey-elves an incubus a giant beetle a cockatrice a panther a spotted jelly 40 leprechauns a mumak a scorpion a black light a forest centaur a yeti a Green-elf 2 piranhas a giant eel a lizard 4 warriors a jaguar a dwarf lord 2 black unicorns 2 dust vortices a plains centaur 4 soldier ants 14 fire ants 7 bugbears a quasit a wood nymph a mountain nymph 6 Mordor orcs 2 Uruk-hai 2 orc shamans a pony 3 yellow lights 3 violet fungi a gnome lord a gnomish wizard a kobold mummy 2 gray oozes a ghoul 3 giant ants a little dog 4 floating eyes 2 kittens a dwarf 3 kobold lords a kobold shaman a hill orc 5 rothes a rabid rat 2 giant bats a monkey 6 orc zombies 2 dwarf zombies a wererat 2 werejackals 3 iguanas 5 acid blobs 4 coyotes a hobbit a manes a large kobold 7 hobgoblins 2 giant rats 6 cave spiders a brown mold 3 yellow molds 3 green molds a red mold 6 gnomes a gnome zombie 3 geckos 5 jackals 2 foxes 3 kobolds 10 goblins 7 sewer rats 8 grid bugs 6 lichens a kobold zombie 2 newts 277 creatures vanquished. Voluntary challenges: You were an atheist. You used a wielded weapon 418 times, starting on turn 25. You read items or engraved 25 times, starting on turn 85. You never genocided any monsters. You never polymorphed an object. You changed form 2 times, starting on turn 5942. You used no wishes. You split 2 puddings, starting on turn 5024. You wrote Elbereth's name 3 times, starting on turn 85. You violated your moral code, losing 32 points of alignment, starting on turn 2358. Dungeon overview: The Dungeons of Doom: levels 1 to 17 Level 1 a fountain, a sink a long staircase Level 2 a general store, a sink Level 3 Level 4 stairs to The Gnomish Mines Level 5 an armor shop Level 6 some fountains Level 7 a fountain Level 8 a sink Level 9 a general store, some fountains Level 10 Level 11 some fountains, a sink Level 12 an altar to Loki Level 13 (quest) portal to The Quest Level 14 an altar to Loki Level 15 a temple to Tyr Level 16 Level 17 <- You were here a throne The Gnomish Mines: levels 5 to 7 Level 5 stairs to The Dungeons of Doom Level 6 Level 7 The Quest: Level 1 a fountain portal to The Dungeons of Doom History has recorded: On T:1 you entered the Dungeons of Doom to retrieve the Amulet of Yendor! On T:352 you reached level 2 of The Dungeons of Doom. On T:888 you advanced to experience level 2. On T:928 you reached level 3 of The Dungeons of Doom. On T:1176 you reached level 4 of The Dungeons of Doom. On T:1429 you advanced to experience level 3. On T:1507 you reached level 1 of The Gnomish Mines. On T:2068 you reached level 2 of The Gnomish Mines. On T:2188 you advanced to experience level 4. On T:2479 you reached level 3 of The Gnomish Mines. On T:2710 you advanced to experience level 5. On T:3254 you reached level 5 of The Dungeons of Doom. On T:3766 you advanced to experience level 6. On T:3991 you reached level 6 of The Dungeons of Doom. On T:4649 you reached level 7 of The Dungeons of Doom. On T:4865 you reached level 8 of The Dungeons of Doom. On T:5026 you advanced to experience level 7. On T:5505 you reached level 9 of The Dungeons of Doom. On T:5769 you advanced to experience level 8. On T:5907 you reached level 10 of The Dungeons of Doom. On T:7098 you reached level 11 of The Dungeons of Doom. On T:7554 you reached level 12 of The Dungeons of Doom. On T:7639 you advanced to experience level 9. On T:8002 you reached level 13 of The Dungeons of Doom. On T:8603 you reached level 14 of The Dungeons of Doom. On T:8918 you reached level 15 of The Dungeons of Doom. On T:9260 you reached level 1 of The Quest. On T:9299 you advanced to experience level 10. On T:9955 you reached level 16 of The Dungeons of Doom. On T:10313 you reached level 17 of The Dungeons of Doom. Score breakdown: Gold: 4501 (12427 points) Experience: 10 levels (16712 points) Exploration: 17 levels ( 34.69%) (17320 points) Discoveries: 32 items ( 13.01%) (10820 points) Valuables value: (no points given unless you survive) Artifact value: 4000 (12253 points) Variety of kills: 99 monsters ( 25.98%) (15292 points) Turncount: 10537 turns (-2455 points) Survival: died (score multiplied by 80%) Total score: 65895 Latest messages: The bugbear picks up an orcish helm. The bugbear puts on an orcish helm. The plains centaur picks up an orcish dagger. Never mind. Gee! All of a sudden, you can see right through yourself. The troll thrusts a ranseur. You are almost hit by a ranseur. The bugbear wields an orcish dagger! The plains centaur wields an orcish dagger! The plains centaur thrusts her orcish dagger. The plains centaur hits! The plains centaur misses. You hit the plains centaur! The troll thrusts a ranseur. You are hit by a ranseur! Valkyrie, all your powers will be lost... The plains centaur thrusts her orcish dagger. The plains centaur hits! You die... Final status: Farvel Electro the Valkyrie, killed by a plains centaur... You died in The Dungeons of Doom on dungeon level 17 with 65895 points, and 4501 pieces of gold, after 10537 moves. You were level 10 with a maximum of 115 hit points when you died.